AoeStats
← Space Junkrat

Black Forest

504316896Analyzed
4v4 RM · 27d ago on Sep 4, 2026· 37m 54s· 8 players
Game mode
Random Map
Map size
Large (8 player)
Population
200
Speed
Normal
Resources
Standard
Victory
Conquest
Starting age
Dark Age
Ending age
Imperial Age
RankedLock teamsTeams togetherTeam positionsShared explorationLock speedFull tech treeHidden civsTurbo modeCheats
Victory
Defeat
🇸🇪 Georgians · Sweden
1530
+8
🇸🇪 Japanese · Sweden
1383
+14
🇸🇪 Lithuanians · Sweden
1315
+17
🇸🇪 Italians · Sweden
1193
+21
🇪🇸 Spanish · Spain
1387
-17
🇦🇹 Teutons · Austria
1338
-15
🇺🇸 Turks · United States
1321
-14
🇦🇹 Bohemians · Austria
1304
-14
WennisTheMenace
0:33 Loom
11:33 Feudal Age
18:07 Castle Age
18:04 Town Watch
20:25 Fletching
24:44 Wheelbarrow
24:33 Horse Collar
24:41 Double-Bit Axe
25:38 Bodkin Arrow
33:17 Imperial Age
31:18 Padded Archer Armor
32:03 Gold Mining
33:13 Ballistics
34:15 Scale Mail Armor
34:25 Forging
34:19 Squires
34:05 Arson
35:19 Chain Mail Armor
36:47 Chemistry
36:55 Iron Casting
37:36 Plate Mail Armor
Glassen
11:09 Feudal Age
15:38 Castle Age
14:16 Fishing Lines
14:56 Double-Bit Axe
17:54 Bow Saw
17:51 Horse Collar
22:38 Wheelbarrow
23:53 Gillnets
24:34 Hand Cart
25:50 Horse Collar
26:02 Gold Mining
26:03 Stone Mining
26:58 Scale Barding Armor
27:03 Forging
30:05 Imperial Age
28:18 Scale Barding Armor
28:23 Forging
28:17 Heavy Plow
28:19 Town Watch
29:21 Stone Shaft Mining
29:00 Fletching
29:31 Ballistics
30:18 Chain Barding Armor
30:35 Iron Casting
30:43 Svan Towers
32:14 Chemistry
31:20 Siege Engineers
32:09 Plate Barding Armor
32:35 Blast Furnace
31:31 Bodkin Arrow
33:27 Padded Archer Armor
33:34 Scale Mail Armor
34:06 Squires
33:51 Arson
33:51 Gambesons
34:38 Chain Mail Armor
36:16 Plate Mail Armor
36:32 Elite Monaspa
37:41 Bracer
Gripen
10:49 Feudal Age
14:41 Castle Age
12:47 Double-Bit Axe
12:53 Horse Collar
16:33 Fishing Lines
17:34 Gillnets
21:10 Bow Saw
22:59 Loom
27:03 Imperial Age
25:47 Wheelbarrow
24:57 Loom
24:58 Town Watch
25:28 Fletching
26:01 Ballistics
25:54 Stone Mining
26:55 Yasama
27:44 Bodkin Arrow
27:46 Guard Tower
28:54 Conscription
29:11 Bracer
29:48 Keep
30:35 Padded Archer Armor
31:37 Chemistry
30:24 Arrowslits
30:21 Treadmill Crane
31:04 Murder Holes
31:19 Masonry
32:22 Hand Cart
33:23 Siege Engineers
33:35 Scale Mail Armor
34:00 Kataparuto
33:59 Pikeman
34:40 Squires
34:25 Arson
35:01 Fervor
35:14 Sanctity
36:00 Halberdier
37:09 Loom
37:40 Gold Mining
LilleSkutt
4:40 Loom
12:21 Feudal Age
16:16 Castle Age
14:14 Double-Bit Axe
14:12 Horse Collar
19:33 Bow Saw
23:02 Town Watch
23:52 Wheelbarrow
27:42 Forging
27:38 Scale Barding Armor
30:48 Imperial Age
28:45 Bloodlines
28:36 Husbandry
29:34 Iron Casting
30:59 Chain Barding Armor
30:42 Heavy Plow
30:57 Cavalier
31:44 Caravan
32:22 Plate Barding Armor
33:12 Paladin
37:33 Crop Rotation
36:26 Light Cavalry
Pwncakes
12:26 Feudal Age
13:20 Double-Bit Axe
16:26 Castle Age
16:32 Double-Bit Axe
16:57 Fishing Lines
17:59 Bow Saw
18:13 Gillnets
21:09 Wheelbarrow
20:22 Loom
21:43 Gold Mining
22:52 Horse Collar
23:48 Heavy Plow
24:27 Fervor
25:18 Hand Cart
24:50 Town Watch
29:56 Imperial Age
28:09 Gold Shaft Mining
29:44 Stone Mining
31:45 Artillery
32:06 Treadmill Crane
32:36 Masonry
32:48 Bombard Tower
37:14 Architecture
37:05 Ballistics
37:49 Coinage
37:39 Padded Archer Armor
MTC
0:39 Loom
11:16 Feudal Age
15:09 Castle Age
13:34 Double-Bit Axe
16:40 Wheelbarrow
23:10 Horse Collar
30:44 Gold Mining
30:47 Stone Mining
34:09 Heavy Plow
36:49 Imperial Age
35:48 Padded Archer Armor
36:47 Bloodlines
36:37 Husbandry
36:56 Leather Archer Armor
38:15 Ring Archer Armor
37:43 Elite Conquistador
MellonTheGrey
12:06 Feudal Age
16:04 Castle Age
14:07 Double-Bit Axe
14:22 Fishing Lines
15:01 Horse Collar
17:05 Bow Saw
17:53 Loom
22:13 Wheelbarrow
22:33 Heavy Plow
23:54 Gold Mining
25:16 Hand Cart
29:59 Imperial Age
28:03 Scale Barding Armor
29:11 Chain Barding Armor
29:33 Bloodlines
30:49 Forging
31:22 Plate Barding Armor
30:12 Cavalier
31:52 Plate Barding Armor
31:50 Capped Ram
34:34 Chemistry
Space Junkrat
4:38 Loom
11:50 Feudal Age
15:53 Castle Age
14:09 Double-Bit Axe
14:45 Horse Collar
18:49 Wheelbarrow
21:52 Bow Saw
24:39 Fishing Lines
25:24 Hand Cart
27:13 Chemistry
26:49 Gillnets
32:09 Imperial Age
32:55 Pikeman
33:38 Man-at-Arms
34:02 Crossbowman
35:10 Scale Mail Armor
35:21 Forging
Connection lost

Rejoining the realm…

Still unreachable

The connection could not be restored.

Session expired

The server has moved on; the page needs a fresh start.